 Dungeon Crawl Stone Soup version 0.31-a0-185-g9dded2c639 (webtiles) character file.

Game seed: 15943088657482277244

60 qw the Shooter (level 3, -4/20 HPs)
             Began as a Deep Elf Hunter on June 22, 2023.
             Slain by Sigmund
             ... wielding a +0 scythe
              (6 damage)
             ... on level 2 of the Dungeon.
             The game lasted 00:00:30 (1396 turns).

qw the Shooter (Deep Elf Hunter)                    Turns: 1396, Time: 00:00:30

Health: -4/20      AC:  3    Str: 10    XL:     3   Next: 82%
Magic:  5/5        EV: 12    Int: 13    God:
Gold:   69         SH:  0    Dex: 18    Spells: 2/2 levels left

rFire   . . .        Y - +0 shortbow
rCold   . . .        (shield currently unavailable)
rNeg    . . .        c - +0 leather armour
rPois   +            (no helmet)
rElec   .            (no cloak)
rCorr   .            (no gloves)
SInv    .            (no boots)
Will    .....        (no amulet)
Stlth   +            d - ring of poison resistance
HPRegen 0.23/turn    (no ring)
MPRegen 0.09/turn

%: no passive effects
@: confused
A: no striking features
a: no special abilities


You were on level 2 of the Dungeon.
You visited 1 branch of the dungeon, and saw 2 of its levels.

You collected 69 gold pieces.


   Skills:
 - Level 1.5 Fighting
 + Level 7.3 Ranged Weapons
 - Level 2.4 Dodging
 - Level 1.2 Stealth


You had 2 spell levels left.
You didn't know any spells.
Your spell library was empty.

Inventory:

Hand Weapons
 Y - a +0 shortbow (weapon)
Armour
 c - a +0 leather armour (worn)
 e - a +0 ring mail
 j - a +0 pair of boots
Jewellery
 d - a ring of poison resistance (left hand)
Scrolls
 a - 2 scrolls of identify
 b - a scroll of enchant weapon {unknown}
 g - a scroll of teleportation {unknown}
 k - a scroll of revelation {unknown}
Potions
 f - a potion of enlightenment {unknown}
 h - 2 potions of heal wounds {unknown}
 i - a potion of degeneration {unknown}

Dungeon Overview and Level Annotations

Branches:
Dungeon (2/15)

Altars:

Annotations:
D:2 Sigmund


Message History

Sigmund barely misses you.
You shoot an arrow. The arrow hits Sigmund!
Sigmund is severely wounded.
Sigmund casts a spell.
Sigmund flickers and vanishes!
Deactivating autopickup; reactivate with Ctrl-A.
You shoot an arrow. The arrow hits the endoplasm.
The endoplasm is almost dead.
The endoplasm freezes you.
You are frozen.
Something hits you but does no damage.
You shoot an arrow. The arrow hits the endoplasm.
You kill the endoplasm!
Something hits you.
You shoot an arrow. The arrow hits the endoplasm!
You kill the endoplasm!
You shoot an arrow.
You hear some strange, mumbled words.
You are confused.
You shoot an arrow.
You hear some strange, mumbled words.
You are more confused.
You shoot an arrow. Something hits you.
You shoot an arrow.
A magic dart appears from out of thin air!
The magic dart hits you!
You shoot an arrow. Something hits you!
You shoot an arrow.
You hear some strange, mumbled words.
You are more confused.
You shoot an arrow.
A magic dart appears from out of thin air!
The magic dart hits you but does no damage.
You shoot an arrow. Something completely misses you.
You shoot an arrow. You shoot an arrow. Something hits you.
You die...

#.... #.......##.# #...
#....#####......#.#####...
#......#...##...#.#.......
#......#.####.......:.....
#........# #.....#.......
#.......### #.########...#
#.........# #.# #..##
###.#####.# .# #.##7 # #@#
#.#.. #.{......# #.#.<
........######## #.#..
#.......##.....# #.##7
#....)..##.###.# #%# #
........##.###.#####.###
#.......##.#............
#.......##.#.#.#####.###
#.....# #.....


There were no monsters in sight!

Vanquished Creatures
  2 adders (D:2)
  A dart slug (D:2)
  6 ball pythons
  4 bats
  5 endoplasms
  3 giant cockroaches (D:1)
  2 goblins
  4 hobgoblins
  2 jackals (D:1)
  2 quokkas (D:1)
  A kobold (D:2)
  5 rats (D:1)
37 creatures vanquished.

Notes
Turn   | Place    | Note
-------+----------+-------------------------------------------
     0 | D:1      | qw the Deep Elf Hunter began the quest for the Orb.
     0 | D:1      | Reached XP level 1. HP: 12/12 MP: 3/3
     0 | D:1      | 0 ||| qw: Version: 0.3-a-9-g12657ce
     0 | D:1      | 0 ||| qw: Game counter: 1723
     0 | D:1      | 0 ||| qw: Always use a shield: true
     0 | D:1      | 0 ||| qw: God list: Okawaru
     0 | D:1      | 0 ||| qw: Allow faded altars: false
     0 | D:1      | 0 ||| qw: Do Orc after D:15 true
     0 | D:1      | 0 ||| qw: Do second Lair branch before Depths: true
     0 | D:1      | 0 ||| qw: Lair rune preference: random
     0 | D:1      | 0 ||| qw: Plans: Normal
     0 | D:1      | 0 ||| PLANNING D:1-11
    91 | D:1      | Found a faded altar of an unknown god.
   103 | D:1      | HP: 3/12 [ball python (3)]
   196 | D:1      | Reached skill level 6 in Ranged Weapons
   196 | D:1      | Reached XP level 2. HP: 14/16 MP: 4/4
   779 | D:1      | 779 ||| UPGRADING to ring of poison resistance.
   780 | D:1      | 780 ||| READING scroll labelled PEUXKA HOES.
   781 | D:1      | 781 ||| READING 2 scrolls labelled IGENAINLOX.
   782 | D:1      | 782 ||| READING scroll labelled SUIPHA VIMIGG.
   783 | D:1      | 783 ||| READING scroll labelled QYUQ BISKISEOK.
   784 | D:1      | 784 ||| DROPPING scroll of butterflies.
   785 | D:1      | 785 ||| DROPPING scroll of fear.
   980 | D:2      | Reached XP level 3. HP: 20/20 MP: 5/5
  1148 | D:2      | Reached skill level 7 in Ranged Weapons
  1206 | D:2      | 1206 ||| FLEEEEING.
  1207 | D:2      | 1207 ||| FLEEEEING.
  1208 | D:2      | 1208 ||| FLEEEEING.
  1380 | D:2      | Noticed Sigmund
  1391 | D:2      | HP: 1/20 [something (7)]
  1396 | D:2      | Slain by Sigmund

Levels and vault maps discovered:
D:1:      dpeg_arrival_prison, layout_loops_ring,
          chequers_ecumenical_altar_simple
D:2:      layout_loops_cross, grunt_ministairs_7, uniq_sigmund

Skill      XL: |  1  2  3 |
---------------+----------+-----
Ranged Weapons | 6 7 |  7.3
Fighting       | |  1.5
Dodging        | |  2.4
Stealth        | |  1.2

Action                     || total
---------------------------++-------
   Fire: Shortbow          ||   112
    Use: Scroll            ||     4
 Armour: Leather armour    ||    19
  Dodge: Dodged            ||    41

Table legend:
 A = Non-vault XP
 B = Vault XP
 C = Vault XP percentage of total XP
 D = Non-vault monster count
 E = Vault monster count
 F = Vault count percentage of total count
                 A         B        C        D         E       F
            +---------+---------+-------+---------+---------+-------
      Total |      80 |       7 |   8.0 |      31 |       6 |  16.2
            +---------+---------+-------+---------+---------+-------
        D:1 |      28 |       5 |  15.2 |      16 |       4 |  20.0
        D:2 |      52 |       2 |   3.7 |      15 |       2 |  11.8
            +---------+---------+-------+---------+---------+-------
